 Dungeon Crawl Stone Soup version 0.27-a0-1123-g2f9bb313c0 (webtiles) character file.

Game seed: 4652453964039798929

23047 wakim the Basher (level 12, -15/166 HPs)
             Began as a Minotaur Berserker on May 3, 2021.
             Was a High Priest of Trog.
             Demolished by a swamp worm (16 damage)
             ... on level 2 of the Lair of Beasts.
             The game lasted 00:30:59 (15965 turns).

wakim the Basher (Minotaur Berserker)              Turns: 15965, Time: 00:30:59

Health: -15/166    AC: 21    Str: 25    XL:     12   Next: 68%
Magic:  11/11      EV: 10    Int:  6    God:    Trog [*****.]
Gold:   763        SH:  4    Dex: 10    Spells: 11/11 levels left

rFire    + . .     SeeInvis +   b - +2 morningstar
rCold    . . .     Faith    .   s - +0 buckler
rNeg     . . .     Spirit   .   p - +0 plate armour
rPois    .         Reflect  .   q - +1 hat
rElec    .         Harm     .   D - +2 cloak
rCorr    .         Rampage  .   j - +1 pair of gloves
Will     ++...                  (no boots)
Stlth    ..........             (no amulet)
HPRegen  1.37/turn              i - ring of see invisible
MPRegen  0.12/turn              y - ring of protection from fire

@: berserking (expiring), lethally poisoned (-15 -> -34), strong-willed,
regenerating, slowed
A: horns 2, retaliatory headbutt
a: Renounce Religion, Berserk, Trog's Hand, Brothers in Arms


You were on level 2 of the Lair of Beasts.
You worshipped Trog.
Trog was extremely pleased with you.
You visited 3 branches of the dungeon, and saw 14 of its levels.

You collected 763 gold pieces.

Inventory:

Hand Weapons
 a - a +2 flail of draining
 b - a +2 morningstar (weapon)
Missiles
 h - 16 curare-tipped darts {=f}
 l - 2 silver boomerangs
 n - 2 throwing nets {=f!f}
 t - 3 boomerangs (quivered)
Armour
 j - a +1 pair of gloves (worn)
 p - a +0 plate armour (worn)
 q - a +1 hat (worn)
 s - a +0 buckler (worn)
 D - a +2 cloak (worn)
Jewellery
 c - the ring "Nisk" {rPois rF+ MP+9 Int-5}
   (You took it off a kobold on level 5 of the Dungeon)

   [ring of magical power]

   It affects your intelligence (-5).
   It protects you from fire.
   It protects you from poison.
   It affects your magic capacity (+9).
 i - a ring of see invisible (left hand)
 m - the ring of the Mage {Wiz Will++ Int+3}
   (You found it on level 4 of the Dungeon)

   [ring of wizardry]

   It improves your spell success rate.
   It affects your intelligence (+3).
   It greatly increases your willpower.
 o - a +6 ring of strength
 y - a ring of protection from fire (right hand)
Wands
 u - a wand of mindburst (9)
 v - a wand of flame (17)
 w - a wand of acid (24)
 x - a wand of iceblast (7)
 z - a wand of polymorph (14)
Scrolls
 d - a scroll of brand weapon
 r - 2 scrolls of identify
 A - a scroll of enchant armour
 C - a scroll of vulnerability {unknown}
 R - a scroll of magic mapping {!r}
 S - 2 scrolls of summoning
 T - 3 scrolls of teleportation
 W - a scroll of holy word
Potions
 e - a potion of might {unknown}
 f - a potion of mutation {unknown}
 g - a potion of cancellation {unknown}
 k - a potion of brilliance {unknown}
 B - 2 potions of attraction {!q}
 F - 14 potions of curing
 G - 5 potions of flight
 J - 2 potions of heal wounds
 K - a potion of magic
 L - 2 potions of lignification {!q}
 O - 2 potions of resistance


   Skills:
 + Level 11.7 Fighting
 * Level 13.9 Maces & Flails
 + Level 7.1 Throwing
 + Level 10.3 Armour
 + Level 9.5 Dodging
 - Level 4.0 Shields
 + Level 5.1 Evocations


You had 11 spell levels left.
You didn't know any spells.
Your spell library was empty.

Dungeon Overview and Level Annotations

Branches:
Dungeon (11/15)            Temple (1/1) D:6            Lair (2/6) D:8
    Orc (0/2) D:10
  Swamp: Lair:2-4    Shoals: Lair:2-4     Snake: Lair:2-4    Spider: Lair:2-4

Altars:
Ashenzari
Dithmenos
Elyvilon
Gozag
Kikubaaqudgha
Makhleb
Okawaru
Sif Muna
Trog
Uskayaw
Xom
Yredelemnul

Shops:
D:4 (


Innate Abilities, Weirdness & Mutations

You have a pair of horns on your head.
You reflexively headbutt those who attack you in melee.


Message History

* * * LOW HITPOINT WARNING * * *
The bog body freezes you!!
* * * LOW HITPOINT WARNING * * *
The black mamba barely misses you.
You feel a strong urge to attack something.
A swamp worm comes into view.
You feel very sick.
The swamp worm fires a harpoon shot at you.
The harpoon shot hits you but does no damage.
The bog body points at you and mumbles some strange words.
The bolt of cold hits you but does no damage.
You feel very sick. The black mamba barely misses you. You furiously retaliate!
You headbutt the black mamba! You hit the swamp worm.
Your headbutt misses the swamp worm.
The swamp worm is moderately wounded.
You feel sick.
The black mamba bites you but does no damage.
The swamp worm bites you but does no damage.
You bludgeon the swamp worm!!
You kill the swamp worm!
Trog accepts your kill.
You feel sick. You block the black mamba's attack.
The swamp worm closely misses you. The black mamba bites you!
* * * LOW HITPOINT WARNING * * *
You are more poisoned.
The black mamba poisons you!
You closely miss the swamp worm.
You feel very sick. You block the swamp worm's attack.
The black mamba bites you!
* * * LOW HITPOINT WARNING * * *
You are lethally poisoned!
The black mamba poisons you!
You are too berserk!
Unknown command.
You barely miss the swamp worm.
* * * LOW HITPOINT WARNING * * *
You feel extremely sick. You block the black mamba's attack.
The swamp worm bites you!
You die...

...# ♣≈..≈♣ ..## ♣≈♣.≈♣♣. ...
..# ♣≈..♣♣♣. ..# .#######
♣n.♣≈♣♣.##.. ..##.#.######
♣♣..≈♣.....## .............
♣≈w.≈♣......####. ....P.###.##
♣≈n.≈♣........... Pb....###..#
♣wS♣≈♣........^.. ......#P..##.
♣♣@†♣♣.#..^......
.....P....###. ♣..♣...#........
.....P.##.##...♣..♣...#.###^..^
.......# .#....⌠⌠.....## ^^^
.......# #.....$.......### ^
.......# .S........##..b^## .
###P.###
.#......#.###..†^##...^ ###.#
#.....#.###..........^ ###
##.#.####....^(...^.^^


You could see 2 bog bodies, a black mamba and 2 swamp worms.

Vanquished Creatures
  Gastronok (Lair:1)
  2 hydras
  An ogre mage (D:10)
  2 centaur warriors (D:10)
  2 two-headed ogres
  An orc knight (D:10)
  2 deep elf pyromancers (D:10)
  An orb spider (shapeshifter) (D:10)
  A cyclops (shapeshifter) (D:10)
  A manticore (D:10)
  2 cyclopes
  8 cane toads
  A komodo dragon (Lair:1)
  A rime drake (Lair:1)
  A kobold demonologist (D:10)
  2 trolls
  2 dream sheep (D:8)
  A redback (Lair:2)
  A wraith (D:9)
  A shadow (D:10)
  A wyvern (Lair:1)
  2 vampires
  12 yaks
  2 steam dragons (D:7)
  Menkaure (D:4)
  A swamp worm (Lair:2)
  2 two-headed ogre zombies (D:10)
  13 water moccasins
  2 orc warriors
  2 ogres (D:5)
  A sky beast (D:7)
  A necrophage (D:4)
  4 wolves (D:8)
  A centaur (D:8)
  7 kobold brigands
  3 phantoms
  7 bullfrogs
  2 gnoll sergeants
  3 wyvern zombies (D:8)
  4 scorpions
  A water moccasin zombie (D:5)
  A troll zombie (D:10)
  5 killer bees
  4 wights (D:9)
  4 howler monkeys
  6 electric eels
  2 bullfrog zombies
  3 centaur zombies
  7 hounds
  2 jellies
  Crazy Yiuf (D:6)
  2 orc priests (D:10)
  A bullfrog skeleton (D:4)
  A centaur skeleton (D:6)
  Ijyb (D:3)
  2 iguanas
  5 orc wizards
  Natasha (thrice) (D:3)
  5 ogre zombies (D:10)
  2 hound skeletons
  A howler monkey zombie (D:6)
  10 gnolls
  A howler monkey skeleton (D:5)
  5 adders
  2 shadow imps
  2 white imps
  2 ufetubi
  A worm (D:3)
  5 dart slugs
  24 orcs
  7 endoplasms
  6 giant cockroaches
  3 goblins (D:2)
  6 hobgoblins
  7 jackals
  22 kobolds
  8 quokkas
  3 ball pythons
  8 bats
  5 frilled lizards
  2 goblin skeletons (D:10)
  3 goblin zombies (D:10)
  4 hobgoblin skeletons (D:10)
  An orc skeleton (D:10)
  15 orc zombies (D:10)
  5 rats
321 creatures vanquished.

Vanquished Creatures (collateral kills)
  An adder skeleton (D:4)
1 creature vanquished.

Vanquished Creatures (others)
  17 fungi
  5 plants (Lair:2)
22 creatures vanquished.

Grand Total: 344 creatures vanquished

Notes
Turn   | Place    | Note
-------+----------+-------------------------------------------
     0 | D:1      | wakim the Minotaur Berserker began the quest for the Orb.
     0 | D:1      | Reached XP level 1. HP: 19/19 MP: 0/0
    17 | D:1      | Found a faded altar of an unknown god.
   127 | D:1      | Reached XP level 2. HP: 21/27 MP: 1/1
   319 | D:1      | Reached skill level 4 in Maces & Flails
   584 | D:1      | Reached ** piety under Trog
   727 | D:1      | Reached XP level 3. HP: 31/33 MP: 2/2
  1695 | D:3      | Noticed a bullfrog
  1705 | D:2      | Killed a bullfrog
  1706 | D:2      | Reached XP level 4. HP: 39/41 MP: 3/3
  1719 | D:3      | Noticed Natasha
  1729 | D:3      | Killed Natasha
  1730 | D:3      | Reached skill level 5 in Fighting
  1730 | D:3      | Reached XP level 5. HP: 13/48 MP: 4/4
  1957 | D:3      | Reached skill level 5 in Maces & Flails
  2350 | D:3      | Noticed Natasha
  2355 | D:3      | Killed Natasha
  2426 | D:3      | Noticed Ijyb
  2548 | D:3      | Killed Ijyb
  2628 | D:3      | Noticed Natasha
  2637 | D:3      | Killed Natasha
  2638 | D:3      | Reached XP level 6. HP: 52/56 MP: 5/5
  2794 | D:4      | Reached *** piety under Trog
  2795 | D:4      | Reached skill level 6 in Maces & Flails
  3132 | D:4      | Found Minaick's Antique Weapon Shoppe.
  3198 | D:4      | Reached XP level 7. HP: 61/63 MP: 6/6
  3533 | D:4      | Found the ring of the Mage {Wiz Will++ Int+3}
  3655 | D:4      | Noticed Menkaure
  3663 | D:4      | Killed Menkaure
  3822 | D:5      | Entered Level 5 of the Dungeon
  3912 | D:5      | Reached skill level 7 in Maces & Flails
  3933 | D:5      | Reached skill level 5 in Armour
  3933 | D:5      | Reached XP level 8. HP: 13/73 MP: 7/7
  4334 | D:5      | Found a broken altar of Ashenzari.
  4616 | D:5      | Reached skill level 5 in Dodging
  5065 | D:5      | Reached **** piety under Trog
  5101 | D:5      | Reached skill level 8 in Maces & Flails
  5173 | D:5      | Identified the ring "Nisk" {rPois rF+ MP+9 Int-5}
  5336 | D:6      | Found a burning altar of Makhleb.
  5343 | D:6      | Reached skill level 1 in Shields
  5402 | D:6      | Found a basalt altar of Yredelemnul.
  5534 | D:6      | Found a staircase to the Ecumenical Temple.
  5849 | D:6      | Found a runed translucent door.
  5850 | D:6      | Noticed Crazy Yiuf
  5856 | D:6      | Killed Crazy Yiuf
  5983 | D:6      | Found a large runed translucent door.
  5984 | D:6      | Found a large runed translucent door.
  5984 | D:6      | Found a shimmering altar of Xom.
  6115 | D:6      | Identified the +0 leather armour "Deucas" {Rampage *Slow
                  | rElec rC+++}
  6363 | D:6      | Lost intelligence.
  6483 | D:7      | Reached XP level 9. HP: 82/82 MP: 8/8
  6538 | Temple   | Entered the Ecumenical Temple
  6743 | D:7      | Reached skill level 9 in Maces & Flails
  7055 | D:7      | Found an opulent altar of Gozag.
  7084 | D:7      | Found a shimmering blue altar of Sif Muna.
  7085 | D:7      | Found a white marble altar of Elyvilon.
  7088 | D:7      | Found a hide-covered altar of Uskayaw.
  7088 | D:7      | Found an ancient bone altar of Kikubaaqudgha.
  8019 | D:8      | Reached skill level 1 in Throwing
  8179 | D:8      | Found a bloodstained altar of Trog.
  8204 | D:8      | Reached skill level 10 in Maces & Flails
  8523 | D:8      | Found a staircase to the Lair.
  8559 | D:8      | Reached XP level 10. HP: 67/91 MP: 9/9
  9699 | D:8      | Noticed a two-headed hydra
  9708 | D:8      | Killed a two-headed hydra
  9709 | D:8      | Reached skill level 11 in Maces & Flails
  9709 | D:8      | Reached skill level 1 in Evocations
 10267 | D:9      | Identified the +0 helmet of Poor Excuses {rC+ Str+4}
 10308 | D:9      | Reached skill level 10 in Fighting
 10478 | D:9      | Noticed a cyclops
 10515 | D:9      | Killed a cyclops
 10613 | D:9      | Found an iron altar of Okawaru.
 10769 | D:9      | Noticed a two-headed ogre
 10782 | D:9      | Killed a two-headed ogre
 10870 | D:10     | Entered Level 10 of the Dungeon
 10877 | D:10     | Noticed an orange demon
 10881 | D:10     | Reached skill level 5 in Throwing
 10881 | D:10     | Reached XP level 11. HP: 100/100 MP: 10/10
 10932 | D:10     | Reached ***** piety under Trog
 11250 | D:10     | Noticed an orc knight
 11250 | D:10     | Noticed a deep elf pyromancer
 11269 | D:10     | Killed an orc knight
 11273 | D:10     | Killed a deep elf pyromancer
 11520 | D:10     | Reached skill level 12 in Maces & Flails
 11546 | D:10     | Noticed a two-headed ogre
 11549 | D:10     | Noticed a centaur warrior
 11555 | D:10     | Killed a two-headed ogre
 11564 | D:10     | Killed a centaur warrior
 11761 | D:10     | Noticed a harpy
 11761 | D:10     | Noticed a centaur warrior
 11761 | D:10     | Noticed a deep elf pyromancer
 11770 | D:10     | Noticed an orb spider
 11770 | D:10     | a harpy changed into an orb spider
 11777 | D:10     | Killed a centaur warrior
 11783 | D:10     | Killed an orb spider
 11790 | D:10     | Killed a deep elf pyromancer
 12005 | D:10     | Found a staircase to the Orcish Mines.
 12714 | D:10     | Noticed an ogre mage
 12721 | D:10     | Paralysed by an ogre mage for 5 turns
 12729 | D:10     | Killed an ogre mage
 13062 | D:10     | Found a shadowy altar of Dithmenos.
 13062 | D:10     | Found a shimmering altar of Xom.
 13385 | D:11     | Reached skill level 13 in Maces & Flails
 13385 | D:11     | Reached XP level 12. HP: 110/110 MP: 11/11
 13489 | D:11     | Noticed an eight-headed hydra
 13575 | D:10     | Received a gift from Trog
 13757 | Lair:1   | Entered Level 1 of the Lair of Beasts
 13930 | Lair:1   | Noticed Gastronok
 13966 | Lair:1   | Killed Gastronok
 14790 | Lair:1   | Reached skill level 10 in Armour
 15666 | Lair:2   | Noticed a seven-headed hydra
 15667 | Lair:2   | Reached skill level 5 in Evocations
 15690 | Lair:2   | Killed a seven-headed hydra
 15964 | Lair:2   | HP: 7/166 [black mamba (7)]
 15965 | Lair:2   | HP: 1/166 [poisoned by a black mamba]
 15965 | Lair:2   | Demolished by a swamp worm

Illustrated notes

Levels and vault maps discovered:
D:1:      minmay_arrival_four_circles, layout_basic,
          ebering_ecumenical_altar_abandoned
D:2:      layout_loops_ring, hangedman_decor_riveting
D:3:      layout_basic, minmay_misc_feat_iff, uniq_ijyb, uniq_natasha
D:4:      layout_cave_pools, serial_shops, shop, st_stairs_7,
          grunt_decor_mini_mirrors, grunt_ministairs_3, kennysheep_small_square,
          uniq_menkaure
D:5:      cheibrodos_thug_alley, layout_loops_ring,
          nicolae_ashenzari_panopticon, st_stairs_10
D:6:      due_chaos_kobolds, layout_loops_ring, makhleb_blood_cavern_becter,
          lemuel_crystal_altar, minmay_temple_entry_from_below_a,
          uniq_crazy_yiuf_cottage
D:7:      kennysheep_steamy, layout_rooms,
          chequers_temple_overflow_statue_of_worship,
          nicolae_gozag_cash_rules_everything_around_me, nrook_pool_corridor
D:8:      layout_loops_corners, lemuel_tele_altar, erik_lair_island,
          hangedman_ranch
D:9:      layout_basic, kennysheep_mini, kennysheep_generic_room_9
D:10:     minmay_tri_box, layout_small_grid, gammafunk_temple_overflow_elements,
          zombieorc2_lemuel, serial_glass, glass_columns_c, glass_columns_c,
          lemuel_flame_loot_1
D:11:     layout_basic, enter_trove_2
Temple:   compressed_dpeg_circular_temple
Lair:1:   layout_regular_city, beast_lair_carwin_4, uniq_gastronok
Lair:2:   layout_loops_ring, nicolae_swamp_entry_splash_gauntlet,
          spider_nest_entry_webs, lemuel_fruit_tree, lemuel_fruit_fields

Skill      XL: |  1  2  3  4  5  6  7  8  9 10 11 12 |
---------------+-------------------------------------+-----
Maces & Flails | 4 5 6 7 8 10 11 13 | 13.9
Fighting       | 4 5 6 7 8 9 10 11 | 11.7
Armour         | 3 4 5 6 7 8 9 10 | 10.3
Dodging        | 3 4 5 6 7 8 9 |  9.5
Shields        | 3 4 |  4.0
Throwing       | 3 5 6 7 |  7.1
Evocations     | 2 4 5 |  5.1

Action                   |  1- 3 |  4- 6 |  7- 9 | 10-12 || total
-------------------------+-------+-------+-------+-------++-------
Melee: Mace              |    73 |    91 |    19 |       ||   183
       Headbutt          |     9 |    27 |    65 |   130 ||   231
       Flail             |       |       |   371 |   118 ||   489
       Morningstar       |       |       |       |   396 ||   396
Throw: Boomerang         |       |       |       |    17 ||    17
       Dart              |       |       |       |     5 ||     5
Invok: Berserk           |       |     1 |     3 |     9 ||    13
       Trog's Hand       |       |       |     3 |    10 ||    13
Evoke: Wand              |       |       |     4 |       ||     4
  Use: Scroll            |     1 |     4 |     8 |     5 ||    18
 Stab: Sleeping          |     1 |       |       |       ||     1
Armor: Animal skin       |     6 |       |       |       ||     6
       Ring mail         |     8 |    33 |    19 |       ||    60
       Plate armour      |       |       |   203 |   331 ||   534
       Skin              |       |       |     9 |       ||     9
Dodge: Dodged            |    47 |    61 |   150 |   239 ||   497
Block: Buckler           |       |       |    44 |   126 ||   170

Table legend: (Time is in decaauts)
 A = Elapsed time spent in this place.
 B = Non-inter-level travel time spent in this place.
 C = Inter-level travel time spent in this place.
 D = Time resting spent in this place.
 E = Time spent auto-exploring this place.
 F = Levels seen in this place.
 G = Mean time per level.
                   A        B        C        D        E       F      G
               +--------+--------+--------+--------+--------+-----+--------+
         Total |  16127 |  15759 |    368 |   2794 |  10407 |  14 | 1151.9 |
       Dungeon |  13905 |  13560 |    345 |   2745 |   8659 |  11 | 1264.1 |
        Temple |      1 |      1 |      0 |      0 |      0 |   1 |    1.0 |
          Lair |   2220 |   2197 |     23 |     49 |   1748 |   2 | 1110.0 |
               +--------+--------+--------+--------+--------+-----+--------+

Top non-repeatable levels by time:
     D:8: 2358 daAuts
    D:10: 2351 daAuts
     D:5: 1451 daAuts
     D:7: 1377 daAuts
  Lair:1: 1290 daAuts
     D:6: 1273 daAuts
     D:2: 1197 daAuts
     D:4: 1067 daAuts
  Lair:2: 930 daAuts
     D:1: 824 daAuts
     D:3: 776 daAuts
     D:9: 748 daAuts
    D:11: 479 daAuts
  Temple: 1 daAuts
